AoeStats
← Smoothshoo

Black Forest

509932623Analyzed
2v2 RM · 4d ago on Sep 28, 2026· 58m 43s· 4 players
Game mode
Random Map
Map size
Medium (4 player)
Population
200
Speed
Normal
Resources
Standard
Victory
Conquest
Starting age
Dark Age
Ending age
Imperial Age
RankedLock teamsTeams togetherTeam positionsShared explorationLock speedFull tech treeHidden civsTurbo modeCheats
Victory
Defeat
🇩🇪 Romans · Germany
934
+18
🇩🇪 Celts · Germany
917
+19
🇺🇸 Burgundians · United States
993
-19
🇮🇹 Hindustanis · Italy
971
-18
5ylvesteR
1:02 Loom
11:32 Feudal Age
17:29 Castle Age
17:42 Double-Bit Axe
17:41 Horse Collar
22:12 Fishing Lines
25:09 Gillnets
27:32 Heavy Plow
27:47 Bow Saw
32:58 Imperial Age
31:00 Masonry
31:01 Fortified Wall
31:05 Masonry
32:36 Ballistics
33:13 Pikeman
34:59 Ballistas
36:18 Conscription
36:01 Heavy Scorpion
37:39 Halberdier
41:40 Architecture
42:12 Chemistry
41:21 Caravan
46:22 Man-at-Arms
49:53 Cavalier
54:53 Bloodlines
59:16 Forging
59:12 Scale Barding Armor
59:08 Scale Mail Armor
58:59 Fletching
59:10 Padded Archer Armor
Cygan
12:40 Feudal Age
12:54 Feudal Age
14:45 Double-Bit Axe
17:22 Castle Age
17:22 Double-Bit Axe
17:18 Horse Collar
18:47 Bow Saw
18:48 Heavy Plow
24:33 Fishing Lines
27:39 Wheelbarrow
26:53 Town Watch
26:54 Loom
27:18 Caravan
28:50 Pikeman
29:19 Arson
29:20 Gambesons
29:54 Forging
29:45 Scale Mail Armor
29:36 Fletching
32:36 Imperial Age
31:33 Town Patrol
33:19 Fortified Wall
33:20 Masonry
33:53 Iron Casting
33:13 Bodkin Arrow
33:34 Chain Mail Armor
32:45 Onager
33:49 Conscription
34:31 Hand Cart
37:50 Stronghold
38:14 Furor Celtica
38:41 Hoardings
37:55 Halberdier
38:00 Capped Ram
39:43 Siege Ram
39:59 Elite Woad Raider
40:54 Fortified Wall
42:13 Blast Furnace
42:06 Siege Engineers
51:20 Plate Mail Armor
52:18 Scale Barding Armor
52:54 Light Cavalry
53:36 Husbandry
53:03 Cavalier
54:30 Paladin
54:32 Hussar
Smoothshoo
7:20 Double-Bit Axe
11:48 Loom
13:42 Feudal Age
17:10 Horse Collar
20:16 Castle Age
18:38 Bow Saw
19:39 Heavy Plow
24:39 Wheelbarrow
25:58 Hand Cart
25:42 Loom
29:14 Imperial Age
28:51 Burgundian Vineyards
28:49 Gold Mining
29:46 Scale Barding Armor
29:51 Forging
34:37 Chain Barding Armor
34:52 Iron Casting
37:21 Chemistry
37:56 Plate Barding Armor
38:21 Blast Furnace
38:55 Elite Coustillier
40:38 Gold Shaft Mining
40:36 Conscription
43:54 Stone Mining
mideamarket
3:56 Loom
11:36 Feudal Age
12:49 Double-Bit Axe
16:30 Horse Collar
19:54 Castle Age
17:52 Gold Mining
17:53 Stone Mining
20:08 Wheelbarrow
25:29 Hand Cart
28:32 Imperial Age
29:12 Heavy Plow
29:30 Forging
30:26 Chemistry
30:47 Bow Saw
30:58 Bow Saw
32:05 Grand Trunk Road
32:20 Forging
32:16 Scale Barding Armor
32:09 Murder Holes
33:39 Iron Casting
33:07 Scale Mail Armor
33:14 Squires
35:14 Gold Shaft Mining
35:05 Ballistics
35:27 Shatagni
35:32 Husbandry
35:44 Bloodlines
34:58 Heavy Camel Rider
35:54 Fletching
36:41 Iron Casting
36:27 Chain Barding Armor
37:31 Two-Man Saw
36:39 Light Cavalry
37:20 Bodkin Arrow
38:31 Padded Archer Armor
39:37 Blast Furnace
37:59 Imperial Camel Rider
40:04 Bracer
40:42 Plate Barding Armor
40:39 Town Watch
41:06 Padded Archer Armor
40:33 Hussar
42:01 Bracer
45:28 Leather Archer Armor
46:00 Siege Engineers
51:05 Ring Archer Armor
Connection lost

Rejoining the realm…

Still unreachable

The connection could not be restored.

Session expired

The server has moved on; the page needs a fresh start.